 Dungeon Crawl Stone Soup version 0.20.1-1-g8b1a95d (webtiles) character file.

560 recordrepeat the Chopper (level 7, -4/61 HPs)
             Began as a Hill Orc Fighter on Dec 4, 2017.
             Slain by Menkaure (13 damage)
             ... on level 5 of the Dungeon.
             The game lasted 00:10:40 (3940 turns).

recordrepeat the Chopper (Hill Orc Fighter)         Turns: 3940, Time: 00:10:42

Health: -4/61      AC: 10    Str: 21    XL:     7   Next: 31%
Magic:  7/7        EV:  6    Int:  8    God:
Gold:   219        SH:  9    Dex: 10    Spells: 6/6 levels left

rFire    . . .     SeeInvis .   a - +0 war axe
rCold    . . .     Gourm    +   c - +0 shield
rNeg     . . .     Faith    .   s - +0 chain mail
rPois    .         Spirit   .   (no helmet)
rElec    .         Reflect  .   (no cloak)
rCorr    .         Harm     .   (no gloves)
MR       .....                  l - +0 pair of boots
Stlth    ..........             k - amulet of the gourmand
Regen    0.2/turn               (no ring)
MPRegen  0.1/turn               (no ring)

@: no status effects
A: no striking features
a: no special abilities


You were on level 5 of the Dungeon.
You were very full.

You visited 1 branch of the dungeon, and saw 5 of its levels.

You collected 219 gold pieces.

Inventory:

Hand Weapons
 a - a +0 war axe (weapon)
Armour
 c - a +0 shield (worn)
 l - a +0 pair of boots (worn)
 s - a +0 chain mail (worn)
Jewellery
 k - an amulet of the gourmand (around neck)
Wands
 q - a wand of acid (0/15)
Scrolls
 b - 2 scrolls of noise {unknown}
 e - 2 scrolls of enchant armour {unknown}
 g - a scroll of enchant weapon {unknown}
 i - a scroll of random uselessness {unknown}
 j - 2 scrolls of recharging {unknown}
 o - 3 scrolls of remove curse {unknown}
 r - 2 scrolls of teleportation {unknown}
 t - a scroll of immolation {unknown}
 u - a scroll of amnesia {unknown}
 w - a scroll of blinking {unknown}
Potions
 d - a potion of might
 m - 2 potions of flight {unknown}
 n - 2 potions of curing {unknown}
 p - 2 potions of mutation {unknown}
 x - 2 potions of lignification {unknown}
Books
 v - a book of Minor Magic

   Spells                             Type                      Level
   a - Magic Dart                     Conjuration                  1
   b - Blink                          Translocation                2
   c - Call Imp                       Summoning                    2
   d - Slow                           Hexes                        2
   e - Conjure Flame                  Conjuration/Fire             3
   f - Mephitic Cloud                 Conjuration/Poison/Air       3
Comestibles
 f - 3 bread rations
 z - 3 chunks of flesh


   Skills:
 + Level 5.1 Fighting
 + Level 7.1 Axes
 + Level 4.5 Armour
 + Level 1.0 Dodging
 + Level 0.3 Stealth
 + Level 4.9 Shields


You had 6 spell levels left.
You didn't know any spells.

Dungeon Overview and Level Annotations

Branches:
Dungeon (5/15)
 Temple: D:4-7

Altars:
Dithmenos
Elyvilon
Kikubaaqudgha
Trog
Uskayaw
Xom
Yredelemnul
Zin

Annotations:
D:5 Menkaure


Message History

Your body is wracked with pain!
* * * LOW HITPOINT WARNING * * *
Menkaure gestures at you while chanting.
Pain shoots through your body!
* * * LOW HITPOINT WARNING * * *
You feel much better. You block Menkaure's attack.
You hit Menkaure.
Menkaure is heavily damaged.
Menkaure calls on the powers of darkness!
Your body is wracked with pain!
* * * LOW HITPOINT WARNING * * *
You feel much better. Menkaure hits you!
* * * LOW HITPOINT WARNING * * *
Your chain mail prevents you from hitting Menkaure.
Menkaure is heavily damaged.
Menkaure calls on the powers of darkness!
Your body is wracked with pain!
* * * LOW HITPOINT WARNING * * *
Menkaure hits you!
You die...

## #.#####
..... ...
#.... ...
##...# #..
##...M# ..#
##....@##..#
#.......#..#
#.....##....#
....####....##
... #......##
.# #.......#
##.....#...
#...#..###.
##..#...#


You could see Menkaure.

Vanquished Creatures
  Sigmund (D:3)
  Duvessa (D:4)
  Dowan (D:4)
  A scorpion (D:4)
  Natasha (thrice) (D:4)
  5 adders
  2 leopard geckos (D:2)
  An orc (D:4)
  5 bats
  6 giant cockroaches
  8 goblins
  9 hobgoblins
  12 jackals
  3 ball pythons
  7 frilled lizards
  7 kobolds
  A rat (D:2)
73 creatures vanquished.

Notes
Turn   | Place    | Note
-------+----------+-------------------------------------------
     0 | D:1      | recordrepeat the Hill Orc Fighter began the quest for the Orb.
     0 | D:1      | Reached XP level 1. HP: 19/19 MP: 1/1
     0 | D:1      | Noticed a minotaur skeleton
    10 | D:1      | Noticed a minotaur skeleton
    13 | D:1      | Noticed a minotaur skeleton
   115 | D:1      | Reached XP level 2. HP: 16/27 MP: 2/2
   210 | D:1      | Reached skill level 3 in Axes
   468 | D:1      | Reached XP level 3. HP: 32/33 MP: 3/3
  1414 | D:2      | Reached XP level 4. HP: 40/40 MP: 4/4
  1462 | D:2      | Noticed an angel
  1463 | D:2      | Found a shimmering altar of Xom.
  1463 | D:2      | Found a glowing silver altar of Zin.
  1796 | D:3      | Found a white marble altar of Elyvilon.
  1840 | D:3      | Noticed Sigmund
  2225 | D:3      | Killed Sigmund
  2225 | D:3      | Reached skill level 5 in Axes
  2225 | D:3      | Reached XP level 5. HP: 23/47 MP: 5/5
  2225 | D:3      | Reached XP level 6. HP: 27/55 MP: 6/6
  2702 | D:3      | Noticed a dagger
  2702 | D:3      | Noticed a hand axe
  2704 | D:3      | Found a hide-covered altar of Uskayaw.
  2780 | D:3      | Found a shadowy altar of Dithmenos.
  2781 | D:3      | Found an ancient bone altar of Kikubaaqudgha.
  2912 | D:3      | Found a basalt altar of Yredelemnul.
  2988 | D:4      | Noticed Natasha
  2992 | D:4      | Killed Natasha
  2992 | D:4      | Reached skill level 5 in Fighting
  3089 | D:4      | Reached skill level 6 in Axes
  3290 | D:4      | Noticed Natasha
  3293 | D:4      | Found a bloodstained altar of Trog.
  3296 | D:4      | Killed Natasha
  3353 | D:4      | Noticed Dowan
  3354 | D:4      | Noticed Duvessa
  3357 | D:4      | Noticed Natasha
  3370 | D:4      | Killed Duvessa
  3370 | D:4      | Reached skill level 1 in Dodging
  3370 | D:4      | Reached XP level 7. HP: 46/61 MP: 7/7
  3389 | D:4      | Killed Natasha
  3669 | D:4      | Killed Dowan
  3669 | D:4      | Reached skill level 7 in Axes
  3865 | D:5      | Entered Level 5 of the Dungeon
  3931 | D:5      | Noticed Menkaure
  3940 | D:5      | Slain by Menkaure

Skill      XL: |  1  2  3  4  5  6  7 |
---------------+----------------------+-----
Axes           | 3 5 6 7 |  7.1
Fighting       | 4 5 |  5.1
Armour         | 4 |  4.5
Shields        | 4 |  4.9
Dodging        | 1 |  1.0
Stealth        | |  0.3

Action                   |  1- 3 |  4- 6 |  7- 9 || total
-------------------------+-------+-------+-------++-------
Melee: War axe           |   124 |   127 |    36 ||   287
Evoke: Wand              |       |     1 |       ||     1
  Use: Potion            |       |     1 |     2 ||     3
  Eat: Chunk             |     3 |    13 |     2 ||    18
Armor: Scale mail        |    66 |    28 |       ||    94
       Chain mail        |       |    40 |    31 ||    71
Dodge: Dodged            |    43 |    42 |    16 ||   101
Block: Shield            |    67 |    61 |    21 ||   149
